 Dungeon Crawl Stone Soup version 0.29.1-1-gd02db6906a (webtiles) character file.

Game seed: 13173640651027001504

11071 Icepheonix32 the Nimble (level 11, -4/93 (94) HPs)
             Began as a Minotaur Fighter on Sept 20, 2022.
             Was an Elder of Okawaru.
             Slain by a tentacled monstrosity (7 damage)
             ... on level 2 of the Abyss.
             The game lasted 00:13:07 (9863 turns).

Icepheonix32 the Nimble (Minotaur Fighter)          Turns: 9863, Time: 00:13:09

HP:   -4/93 (94)    AC:  9    Str: 23    XL:     11   Next: 44%
MP:   22/22         EV: 13    Int:  5    God:    Okawaru [****..]
Gold: 5             SH:  5    Dex: 12    Spells: 10/10 levels left

rFire   . . .      SeeInvis +   a - +0 trident (vamp)
rCold   . . .      Faith    .   c - +0 buckler
rNeg    . . .      Spirit   .   s - +3 leather armour "Edaren" {Slay+2}
rPois   .          Reflect  .   (helmet restricted)
rElec   .          Harm     .   y - +0 cloak
rCorr   .          Rampage  .   (no gloves)
Will    .....                   z - +0 pair of boots
Stlth   ++........              (no amulet)
HPRegen 0.25/turn               q - ring of magical power
MPRegen 0.18/turn               G - ring of see invisible

@: mighty, constricted, lightly drained, invisible
A: horns 2, retaliatory headbutt, mutation resistance 1, MP-powered wands
a: Renounce Religion, Heroism, Finesse


You were on level 2 of the Abyss.
You worshipped Okawaru.
Okawaru was greatly pleased with you.
You visited 1 branch of the dungeon, and saw 9 of its levels.
You visited the Abyss 1 time.

You collected 805 gold pieces.
You spent 800 gold pieces at shops.

Inventory:

Hand Weapons
 a - a +0 vampiric trident (weapon)
 b - a +1 short sword of draining
 l - a +2 vampiric short sword
 M - the +7 great mace of Valour {freeze, rCorr MP+9}
   (You found it on level 8 of the Dungeon)

   It freezes those it strikes, dealing additional cold damage.
   It can also slow down cold-blooded creatures.
   MP:        It affects your magic capacity (+9).
   rCorr:     It protects you from acid and corrosion.
Missiles
 i - 5 boomerangs (quivered)
 D - 5 atropa-tipped darts
Armour
 c - a +0 buckler (worn)
 s - the +3 leather armour "Edaren" (worn) {Slay+2}
   (You found it on level 6 of the Dungeon)

   Slay:      It affects your accuracy & damage with ranged weapons and melee
   (+2).
 t - the +1 ring mail of Disguise {Harm Dex+2}
   (You took it off an orc on level 6 of the Dungeon)

   Dex:       It affects your dexterity (+2).
   Harm:      It increases damage dealt and taken.
 y - a +0 cloak (worn)
 z - a +0 pair of boots (worn)
 E - a +0 troll leather armour
 L - a +0 cloak
 N - a +0 kite shield
Jewellery
 q - a ring of magical power (left hand)
 G - a ring of see invisible (right hand)
Wands
 v - a wand of flame (27)
 B - a wand of iceblast (24)
 C - a wand of quicksilver (14)
Scrolls
 j - 2 scrolls of immolation
 k - 5 scrolls of teleportation {unknown}
 m - 2 scrolls of blinking {unknown}
 p - 2 scrolls of noise {unknown}
 u - a scroll of enchant weapon {unknown}
 w - 2 scrolls of fear {unknown}
 A - a scroll of amnesia
 O - a scroll of brand weapon
Potions
 d - a potion of might
 g - 2 potions of flight {unknown}
 h - a potion of berserk rage
 n - a potion of resistance
 o - 6 potions of curing
 r - 2 potions of ambrosia {unknown}
 F - a potion of mutation
 H - a potion of cancellation {unknown}
 I - 2 potions of lignification {unknown}
 J - a potion of haste {unknown}
Miscellaneous
 K - a piece from Xom's chessboard (15/15)


   Skills:
 + Level 8.0 Fighting
 - Level 0.8 Short Blades
 - Level 3.0(7.5) Axes
 + Level 10.7(10.9) Polearms
 + Level 0.2 Throwing
 + Level 6.6 Armour
 * Level 12.8 Dodging
 + Level 3.1 Stealth
 + Level 5.6 Shields
 * Level 4.8 Invocations
 + Level 0.7 Evocations


You had 10 spell levels left.
You didn't know any spells.
Your spell library contained the following spells:

 Spells                   Type           Power      Damage    Failure   Level
 Shock                    Conj/Air       0%         1d3       61%         1
 Gell's Gravitas          Tloc           0%         N/A       93%         3
 Swiftness                Air            0%         N/A       93%         3
 Teleport Other           Tloc           0%         N/A       93%         3
 Airstrike                Air            0%         2d(0-16)  100%        4
 Dispersal                Tloc           0%         N/A       100%        6


Dungeon Overview and Level Annotations

Branches:
Dungeon (9/15)             Temple (0/1) D:6
   Lair: D:8-11         Orc: D:9-12

Altars:
Fedhas
Okawaru
Uskayaw
Yredelemnul
Zin

Shops:
D:7 [   D:9 !

Annotations:
D:6 2 transporters, XxsatanxX's ghost, novice MiBe
D:9 Erolcha


Innate Abilities, Weirdness & Mutations

You have a pair of horns on your head.
You reflexively headbutt those who attack you in melee.
You are somewhat resistant to further mutation.
You expend magic power (3 MP) to strengthen your wands.


Message History

Your headbutt misses the tentacled monstrosity.
The tentacled monstrosity is heavily wounded.
The tentacled monstrosity tentacle-slaps you but does no damage.
The tentacled monstrosity tentacle-slaps you.
You block the tentacled monstrosity's attack.
The tentacled monstrosity constricts you.
You fade into invisibility!
The tentacled monstrosity misses you.
The tentacled monstrosity tentacle-slaps you but does no damage. x2
The tentacled monstrosity constricts you!
Unknown command.
You hit the tentacled monstrosity but do no damage.
You headbutt the tentacled monstrosity!
The tentacled monstrosity is heavily wounded.
You escape the tentacled monstrosity's grasp.
Unknown command.
You barely miss the tentacled monstrosity.
The tentacled monstrosity is heavily wounded.
The tentacled monstrosity completely misses you.
The tentacled monstrosity tentacle-slaps you!
* * * LOW HITPOINT WARNING * * *
You block the tentacled monstrosity's attack.
The tentacled monstrosity grabs you.
The tentacled monstrosity constricts you.
* * * LOW HITPOINT WARNING * * *
You feel very mighty all of a sudden.
The tentacled monstrosity tentacle-slaps you.
* * * LOW HITPOINT WARNING * * *
The tentacled monstrosity tentacle-slaps you.
* * * LOW HITPOINT WARNING * * *
The tentacled monstrosity tentacle-slaps you but does no damage.
The tentacled monstrosity constricts you!
* * * LOW HITPOINT WARNING * * *
You feel much better.
The tentacled monstrosity tentacle-slaps you!
* * * LOW HITPOINT WARNING * * *
The tentacled monstrosity tentacle-slaps you!
* * * LOW HITPOINT WARNING * * *
The tentacled monstrosity tentacle-slaps you!
You die...

#####
#..###.#.###
#......X@..#
####..#.#....#
#.#.......#.#
#. #.#. _.##
#.#####.. #.
.#. # #.#.
..#.


You could see a tentacled monstrosity.

Vanquished Creatures
  Amaemon (D:8)
  Joseph (D:7)
  Maurice (D:8)
  An orange demon (D:9)
  Psyche (D:8)
  2 trolls
  A hornet (D:8)
  A wraith (D:5)
  3 yaks (D:8)
  2 wyverns (D:8)
  A steam dragon (D:8)
  A water moccasin (D:4)
  2 black bears (D:8)
  A sky beast (D:8)
  An ice beast (D:6)
  3 orc warriors
  The ghost of bigcathouse the Ducker, an amateur DsGl (D:4)
  2 centaurs
  A phantom (D:5)
  A gnoll sergeant (D:8)
  2 bullfrogs
  3 scorpions
  4 wights (D:9)
  4 howler monkeys
  2 hounds (D:6)
  5 orc priests
  7 iguanas
  3 orc wizards
  5 gnolls (D:8)
  8 adders
  A worm (D:2)
  3 dart slugs (D:2)
  23 orcs
  5 bats
  2 endoplasms
  8 giant cockroaches
  4 goblins
  7 hobgoblins
  7 jackals
  6 quokkas
  8 ball pythons
  5 kobolds
  5 rats
155 creatures vanquished.

Vanquished Creatures (others)
  An orc priest (D:8)
  An orc (D:8)
  6 plants (D:6)
  4 toadstools (D:1)
12 creatures vanquished.

Grand Total: 167 creatures vanquished

Notes
Turn   | Place    | Note
-------+----------+-------------------------------------------
     0 | D:1      | Icepheonix32 the Minotaur Fighter began the quest for the
                  | Orb.
     0 | D:1      | Reached XP level 1. HP: 19/19 MP: 0/0
   430 | D:1      | Reached XP level 2. HP: 27/27 MP: 1/1
  1236 | D:2      | Reached XP level 3. HP: 33/33 MP: 2/2
  1636 | D:2      | Reached XP level 4. HP: 41/41 MP: 3/3
  1697 | D:2      | Found a faded altar of an unknown god.
  1873 | D:2      | Gained mutation: You are partially covered in iridescent
                  | scales. (AC +2) [potion of mutation]
  1873 | D:2      | Gained mutation: You are robust. (+10% HP) [potion of
                  | mutation]
  2163 | D:3      | Reached skill level 1 in Dodging
  2264 | D:3      | Found a blossoming altar of Fedhas.
  2898 | D:4      | Reached skill level 5 in Armour
  2898 | D:4      | Reached XP level 5. HP: 47/51 MP: 4/4
  2935 | D:4      | You fall into a shaft and drop 3 floors!
  3111 | D:6      | Identified the +3 leather armour "Edaren" {Slay+2}
  3180 | D:6      | Reached skill level 1 in Polearms
  3180 | D:6      | Reached XP level 6. HP: 54/60 MP: 5/5
  3268 | D:6      | Noticed an orc warrior
  3271 | D:6      | Identified the +1 ring mail of Disguise {Harm Dex+2}
  3272 | D:6      | Reached skill level 2 in Dodging
  3279 | D:6      | Killed an orc warrior
  3280 | D:6      | Reached skill level 5 in Fighting
  3495 | D:6      | Found a transporter.
  3496 | D:6      | Noticed XxsatanxX's ghost (novice MiBe)
  3501 | D:6      | Found a transporter.
  3552 | D:5      | Entered Level 5 of the Dungeon
  3614 | D:4      | Found a runed translucent door.
  3619 | D:4      | Noticed bigcathouse's ghost (amateur DsGl)
  3673 | D:4      | Killed bigcathouse's ghost
  3674 | D:4      | Reached XP level 7. HP: 32/67 MP: 6/6
  3901 | D:4      | Reached skill level 3 in Dodging
  4518 | D:4      | Reached skill level 1 in Stealth
  5321 | D:5      | Found a hide-covered altar of Uskayaw.
  5475 | D:5      | Reached skill level 5 in Polearms
  5530 | D:5      | Noticed a wraith
  5533 | D:5      | Reached XP level 8. HP: 69/77 MP: 7/7
  5550 | D:5      | Reached skill level 4 in Dodging
  5857 | D:6      | Found a basalt altar of Yredelemnul.
  5862 | D:6      | Found an iron altar of Okawaru.
  5888 | D:6      | Became a worshipper of Warmaster Okawaru
  6004 | D:6      | Found a staircase to the Ecumenical Temple.
  6113 | D:6      | Found a glowing silver altar of Zin.
  6163 | D:6      | Identified the +8 trident of the Modern Runes {elec, Drain
                  | rElec rPois Str+4}
  6163 | D:6      | Identified the ring "Oquem" {rC+ Int+3 SInv}
  6170 | D:6      | Lost mutation: You are partially covered in iridescent
                  | scales. (AC +2) [potion of mutation]
  6170 | D:6      | Lost mutation: You are robust. (+10% HP) [potion of
                  | mutation]
  6170 | D:6      | Gained mutation: Your mind is acute. (Int +4, Str/Dex -1)
                  | [potion of mutation]
  6170 | D:6      | Gained mutation: Your skin changes colour to match your
                  | surroundings (Stealth+). [potion of mutation]
  6171 | D:6      | Lost mutation: Your skin changes colour to match your
                  | surroundings (Stealth+). [potion of mutation]
  6171 | D:6      | Lost mutation: Your mind is acute. (Int +4, Str/Dex -1)
                  | [potion of mutation]
  6171 | D:6      | Gained mutation: You expend magic power (3 MP) to
                  | strengthen your wands. [potion of mutation]
  6171 | D:6      | Gained mutation: You are somewhat resistant to further
                  | mutation. [potion of mutation]
  6262 | D:7      | Noticed Joseph
  6279 | D:7      | Killed Joseph
  6279 | D:7      | Reached * piety under Okawaru
  6280 | D:7      | Reached skill level 1 in Invocations
  6420 | D:7      | Reached skill level 5 in Dodging
  6553 | D:7      | Noticed a troll
  6565 | D:7      | Killed a troll
  6566 | D:7      | Reached skill level 5 in Shields
  6566 | D:7      | Reached XP level 9. HP: 46/78 MP: 9/9
  7099 | D:7      | Reached ** piety under Okawaru
  7206 | D:7      | Found Perseus's Dragon-Slaying Spoils.
  7677 | D:8      | Identified the +7 great mace of Valour {freeze, rCorr MP+9}
  8221 | D:8      | Reached skill level 6 in Dodging
  8251 | D:8      | Paralysed by a hornet for 1 turns
  8254 | D:8      | Reached *** piety under Okawaru
  8620 | D:8      | Noticed Psyche
  8633 | D:8      | Killed Psyche
  8634 | D:8      | Reached XP level 10. HP: 68/86 MP: 12/12
  8697 | D:8      | Noticed Maurice
  8737 | D:8      | Killed Maurice
  8738 | D:8      | Reached skill level 10 in Polearms
  8738 | D:8      | Reached skill level 7 in Dodging
  9250 | D:9      | Found Jonoyss's Distillery.
  9267 | D:9      | Bought a potion of experience for 800 gold pieces
  9297 | D:9      | Noticed Amaemon
  9297 | D:9      | Noticed an orange demon
  9321 | D:8      | Killed Amaemon
  9603 | D:8      | Reached skill level 12 in Dodging
  9603 | D:8      | Reached XP level 11. HP: 94/94 MP: 13/13
  9630 | D:9      | Reached **** piety under Okawaru
  9814 | D:9      | Noticed Erolcha
  9818 | Abyss:2  | Found a corrupted altar of Lugonu.
  9818 | Abyss:2  | Cast into level 2 of the Abyss (Erolcha)
  9853 | Abyss:2  | Noticed a tentacled monstrosity
  9862 | Abyss:2  | HP: 1/93 [constriction (8)]
  9863 | Abyss:2  | Slain by a tentacled monstrosity

Illustrated notes

Levels and vault maps discovered:
D:1:      kilobyte_arrival_exit_the_forest, layout_loops_corners,
          minmay_gold_behind_fungi
D:2:      layout_loops_ring, serial_glass, glass_columns_b, glass_columns_a,
          feat_on_display, feat_on_display, feat_on_display,
          dreamdust_ecumenical_altar_statues
D:3:      layout_basic, fedhas_altar_1
D:4:      layout_loops_ring, hellmonk_ghost_happy_afterlife, st_stairs_3
D:5:      layout_basic, amcnicky_altar_gilded, minmay_liquid_box
D:6:      layout_rooms, mainiacjoe_overflow_big_doors,
          mainiacjoe_overflow_alcove_2, minmay_temple_entry_antechambers,
          gammafunk_ghost_gnarly_gnolls
D:7:      layout_gridville, minmay_misc_feat_doors, minmay_misc_feat_hallway,
          nicolae_shop_dragon_depot, uniq_joseph
D:8:      layout_basic, hellmonk_bongcloud_opening, uniq_maurice, uniq_psyche
D:9:      layout_roguey, lemuel_mausoleum_altar_kikubaaqudgha, serial_shops,
          nicolae_shop_bloodbath_and_beyond, shop, shop, shop, shop,
          uniq_erolcha, uniq_harold, uniq_amaemon
Abyss:2:  base: D:9, base: D:9, hangedman_abyss_or_decor_passed

Skill      XL: |  1  2  3  4  5  6  7  8  9 10 11 |
---------------+----------------------------------+-----
Fighting       | 4 5 6 7 8 |  8.0
Armour         | 4 5 6 |  6.6
Axes           | 3 |  3.0
Shields        | 4 5 |  5.6
Dodging        | 1 2 3 5 6 12 | 12.8
Polearms       | 1 2 5 8 9 10 | 10.7
Stealth        | 1 2 3 |  3.1
Invocations    | 2 4 |  4.8
Short Blades   | |  0.8
Throwing       | |  0.2
Evocations     | |  0.7

Action                   |  1- 3 |  4- 6 |  7- 9 | 10-12 || total
-------------------------+-------+-------+-------+-------++-------
Melee: War axe           |    47 |       |       |       ||    47
       Headbutt          |     7 |    16 |    55 |    15 ||    93
       Short sword       |    41 |    63 |       |       ||   104
       Trident           |       |    57 |   275 |    90 ||   422
Throw: Boomerang         |     6 |       |       |       ||     6
Evoke: Piece from Xom's  |       |       |     1 |     1 ||     2
       Wand              |       |       |       |     1 ||     1
  Use: Scroll            |       |     6 |     1 |     2 ||     9
       Potion            |       |     1 |     5 |     6 ||    12
 Stab: Sleeping          |       |       |     3 |     1 ||     4
       Invisible         |       |       |     1 |       ||     1
Armor: Scale mail        |    40 |    44 |       |       ||    84
       Leather armour    |       |     7 |    55 |    20 ||    82
Dodge: Dodged            |    35 |    49 |   127 |    59 ||   270
Block: Buckler           |    14 |    30 |    38 |    21 ||   103
